 Dungeon Crawl Stone Soup version 0.27.1 (webtiles) character file.

Game seed: 11250143767358093331

1936 Descartes the Covert (level 8, -6/41 HPs)
             Began as a Deep Elf Conjurer on Sept 4, 2021.
             Mangled by a wyvern (15 damage)
             ... on level 7 of the Dungeon.
             The game lasted 00:19:35 (9477 turns).

Descartes the Covert (Deep Elf Conjurer)            Turns: 9477, Time: 00:19:37

Health: -6/41      AC:  7    Str: 10    XL:     8   Next: 97%
Magic:  10/17      EV: 15    Int: 26    God:
Gold:   169        SH:  0    Dex: 19    Spells: 9/17 levels left

rFire    . . .     SeeInvis .   H - +4 quarterstaff (chaos)
rCold    . . .     Faith    .   (shield currently unavailable)
rNeg     . . .     Spirit   .   A - +2 animal skin
rPois    .         Reflect  .   i - +1 hat
rElec    .         Harm     .   I - +0 cloak
rCorr    .         Rampage  .   x - +0 pair of gloves
Will     .....                  (no boots)
Stlth    ++++......             (no amulet)
HPRegen  0.13/turn              c - +6 ring of strength
MPRegen  0.15/turn              k - +6 ring of dexterity

@: no status effects
A: no striking features
a: no special abilities


You were on level 7 of the Dungeon.
You visited 2 branches of the dungeon, and saw 8 of its levels.

You collected 292 gold pieces.
You spent 123 gold pieces at shops.

Inventory:

Hand Weapons
 C - a +0 shortbow
 E - a +2 dagger of speed
 H - a +4 quarterstaff of chaos (weapon)
Missiles
 f - 99 stones
 j - 65 arrows
 q - 28 poisoned darts
 r - 30 sling bullets
 w - 3 boomerangs
 y - 26 bolts
Armour
 d - a +2 ring mail of cold resistance
 i - a +1 hat (worn)
 x - a +0 pair of gloves (worn)
 A - a +2 animal skin (worn)
 I - a +0 cloak (worn)
Magical Staves
 p - a staff of air
Jewellery
 c - a +6 ring of strength (left hand)
 k - a +6 ring of dexterity (right hand)
 M - a +4 ring of protection
 N - a +6 ring of strength
 O - a ring of ice
Wands
 F - a wand of charming (12)
 G - a wand of polymorph (4)
 J - a wand of acid (11)
Scrolls
 b - 2 scrolls of silence {unknown}
 e - a scroll of vulnerability {unknown}
 g - a scroll of torment {unknown}
 l - a scroll of immolation {unknown}
 n - 2 scrolls of noise
 t - 5 scrolls of identify
 v - a scroll of fog {unknown}
 D - a scroll of enchant weapon {unknown}
 K - 3 scrolls of magic mapping
 L - 2 scrolls of teleportation
 P - a scroll of fear {unknown}
Potions
 a - 2 potions of brilliance {unknown}
 h - a potion of cancellation {unknown}
 m - 2 potions of heal wounds {unknown}
 o - 2 potions of degeneration {unknown}
 s - a potion of magic {unknown}
 u - 2 potions of berserk rage {unknown}
 z - 3 potions of curing {unknown}
 B - 2 potions of attraction {unknown}


   Skills:
 - Level 6.0 Dodging
 + Level 8.0 Stealth
 - Level 5.0 Spellcasting
 - Level 6.0 Conjurations
 - Level 6.0 Hexes
 + Level 4.3 Translocations
 + Level 4.2 Evocations


You had 9 spell levels left.
You knew the following spells:

 Your Spells              Type           Power      Damage    Failure   Level
a - Magic Dart            Conj           100%       1d8       1%          1
b - Dazzling Flash        Conj/Hex       74%        N/A       1%          3
c - Iskenderun's Mystic   Conj/Tloc      33%        2d8       9%          4

Your spell library contained the following spells:

 Spells                   Type           Power      Damage    Failure   Level
 Searing Ray              Conj           74%        3d6       1%          2
 Portal Projectile        Hex/Tloc       66%        N/A       2%          3
 Fulminant Prism          Conj/Hex       18%        3d11      6%          4
 Blade Hands              Tmut           3%         N/A       91%         5
 Excruciating Wounds      Necr           3%         N/A       91%         5


Dungeon Overview and Level Annotations

Branches:
Dungeon (7/15)             Temple (1/1) D:4

Altars:
Ashenzari
Cheibriados
Elyvilon
Hepliaklqana
Makhleb
Okawaru
Qazlal
Ru
Sif Muna
Uskayaw
Vehumet
Wu Jian
Xom
Zin
The Shining One

Shops:
D:1 [   D:4 (   D:5 =**?

Annotations:
D:2 Sigmund
D:5 3 runed translucent doors, Atelerd's ghost, novice OpEE
D:7 2 transporters, NineInchNils's ghost, novice OpBr


Message History

Press: ? - help, Shift-Dir - straight line, f/p - wyvern
Aim: a wyvern (100% to hit)
The magic dart hits the wyvern.
The wyvern is lightly wounded.
Casting: Magic Dart (safe; 1% risk of failure)
Confirm with . or Enter, or press ? or * to list all spells.
Aiming: Magic Dart (safe; 1% risk of failure)
Press: ? - help, Shift-Dir - straight line, f/p - wyvern
Aim: a wyvern (lightly wounded, 100% to hit)
The magic dart hits the wyvern.
The wyvern is moderately wounded.
The wyvern bites you. The wyvern bites you!
Unknown command.
Casting: Magic Dart (safe; 1% risk of failure)
Confirm with . or Enter, or press ? or * to list all spells.
Aiming: Magic Dart (safe; 1% risk of failure)
Press: ? - help, Shift-Dir - straight line, f/p - wyvern
Aim: a wyvern (moderately wounded, 100% to hit)
The magic dart hits the wyvern!
The wyvern is heavily wounded.
The wyvern bites you but does no damage.
Casting: Magic Dart (safe; 1% risk of failure)
Confirm with . or Enter, or press ? or * to list all spells.
Aiming: Magic Dart (safe; 1% risk of failure)
Press: ? - help, Shift-Dir - straight line, f/p - wyvern
Aim: a wyvern (heavily wounded, 100% to hit)
The magic dart hits the wyvern.
The wyvern is heavily wounded.
The wyvern bites you but does no damage.
The wyvern bites you!
* * * LOW HITPOINT WARNING * * *
Casting: Magic Dart (safe; 1% risk of failure)
Confirm with . or Enter, or press ? or * to list all spells.
Aiming: Magic Dart (safe; 1% risk of failure)
Press: ? - help, Shift-Dir - straight line, f/p - wyvern
Aim: a wyvern (heavily wounded, 100% to hit)
The magic dart hits the wyvern but does no damage.
The wyvern is heavily wounded.
The wyvern bites you!
You die...

# ###.### .......
#####....### .
##...@l©.....
#.#####..#########.
......#.##8pz?$.8##
#.....#.Wo/....©#
#.#.#.#.##...##.#
#.#...#.##...## #
#.###.#..o.©... #.#
####.###.#.##...##.#.#
#........#Y##...##.#.#


You could see a death knight, a wyvern, a wight, an orc wizard and
NineInchNils's ghost.

Vanquished Creatures
  Prince Ribbit (D:6)
  Grinder (D:4)
  Eustachio (D:5)
  A water moccasin (D:6)
  An orc warrior (D:6)
  An ice beast (D:3)
  A necrophage (D:6)
  A centaur (D:6)
  A kobold brigand (D:5)
  Blork the orc (D:5)
  2 scorpions
  Dowan (D:7)
  3 wights
  An orc priest (D:4)
  Crazy Yiuf (D:3)
  4 hounds
  2 jellies
  Jessica (D:2)
  2 iguanas (D:6)
  An orc wizard (D:6)
  Robin (D:4)
  A howler monkey zombie (D:5)
  2 adders
  A howler monkey skeleton (D:6)
  A shadow imp (D:6)
  2 white imps
  3 ufetubi
  3 dart slugs (D:4)
  14 orcs
  7 ball pythons
  6 endoplasms
  4 giant cockroaches
  13 hobgoblins
  7 jackals (D:1)
  3 quokkas
  6 bats
  A frilled lizard (D:2)
  8 goblins
  11 kobolds
  2 rats (D:2)
124 creatures vanquished.

Notes
Turn   | Place    | Note
-------+----------+-------------------------------------------
     0 | D:1      | Descartes the Deep Elf Conjurer began the quest for the
                  | Orb.
     0 | D:1      | Reached XP level 1. HP: 10/10 MP: 6/6
   390 | D:1      | Found a faded altar of an unknown god.
   430 | D:1      | Reached XP level 2. HP: 15/15 MP: 4/8
   658 | D:1      | Reached skill level 3 in Stealth
   820 | D:1      | Found Cezed's Armour Boutique.
  1299 | D:2      | Reached XP level 3. HP: 19/19 MP: 5/10
  1367 | D:2      | Noticed Sigmund
  1651 | D:2      | Noticed Jessica
  1657 | D:2      | Killed Jessica
  2307 | D:2      | Reached XP level 4. HP: 22/24 MP: 9/11
  2646 | D:3      | Learned a level 3 spell: Dazzling Flash
  3296 | D:4      | Noticed an ice beast
  3323 | D:3      | Killed an ice beast
  3324 | D:3      | Reached skill level 4 in Stealth
  3324 | D:3      | Reached skill level 5 in Conjurations
  3324 | D:3      | Reached skill level 1 in Hexes
  3324 | D:3      | Reached XP level 5. HP: 10/28 MP: 0/13
  3550 | D:4      | Noticed Robin
  3699 | D:4      | Killed Robin
  3942 | D:4      | Noticed Grinder
  3949 | D:4      | Paralysed by Grinder for 5 turns
  4296 | D:4      | Found a runed translucent door.
  4297 | D:4      | Noticed Crazy Yiuf
  4336 | D:4      | Killed Grinder
  4337 | D:4      | Reached skill level 5 in Stealth
  4337 | D:4      | Reached skill level 5 in Spellcasting
  4337 | D:4      | Reached XP level 6. HP: 20/32 MP: 1/15
  4656 | D:4      | Found Tifif's Antique Weapon Shop.
  4712 | D:4      | Found a sacrificial altar of Ru.
  4713 | D:4      | Found a stormy altar of Qazlal.
  4715 | D:4      | Found a hazy altar of Hepliaklqana.
  4715 | D:4      | Found a shimmering altar of Xom.
  4787 | D:4      | Found a staircase to the Ecumenical Temple.
  4922 | Temple   | Entered the Ecumenical Temple
  5034 | D:4      | Reached XP level 7. HP: 36/36 MP: 8/16
  5566 | D:3      | Killed Crazy Yiuf
  5766 | D:5      | Entered Level 5 of the Dungeon
  5917 | D:5      | Reached skill level 5 in Dodging
  6000 | D:5      | Learned a level 4 spell: Iskenderun's Mystic Blast
  6007 | D:5      | Noticed Blork the orc
  6020 | D:5      | Killed Blork the orc
  6091 | D:5      | Found a white marble altar of Elyvilon.
  6303 | D:5      | Found Erghoagri's General Store.
  6303 | D:5      | Found Lamoxku's Jewellery Shop.
  6310 | D:5      | Reached skill level 1 in Translocations
  6373 | D:5      | Found Giput's Magic Scroll Shop.
  6383 | D:5      | Reached skill level 6 in Stealth
  6384 | D:5      | Bought a scroll of identify for 26 gold pieces
  6384 | D:5      | Bought a scroll of noise for 13 gold pieces
  6424 | D:5      | Found Viefuz's General Store.
  6426 | D:5      | Bought a scroll of teleportation for 39 gold pieces
  6426 | D:5      | Bought a scroll of magic mapping for 45 gold pieces
  6461 | D:5      | Found a runed translucent gate.
  6461 | D:5      | Found a runed translucent gate.
  6461 | D:5      | Found a runed translucent gate.
  6462 | D:5      | Noticed Atelerd's ghost (novice OpEE)
  6749 | D:6      | Noticed Eustachio
  6758 | D:5      | Reached skill level 1 in Evocations
  6869 | D:6      | Reached XP level 8. HP: 41/41 MP: 8/17
  7144 | D:6      | Noticed Prince Ribbit
  7558 | D:5      | Killed Eustachio
  7559 | D:5      | Reached skill level 5 in Hexes
  8170 | D:6      | Killed Prince Ribbit
  8171 | D:6      | Reached skill level 7 in Stealth
  9338 | D:7      | Noticed a death knight
  9340 | D:7      | Found a transporter.
  9340 | D:7      | Noticed NineInchNils's ghost (novice OpBr)
  9350 | D:7      | Noticed Dowan
  9376 | D:7      | Killed Dowan
  9377 | D:7      | Reached skill level 8 in Stealth
  9468 | D:7      | Found a transporter.
  9477 | D:7      | Mangled by a wyvern

Illustrated notes

Levels and vault maps discovered:
D:1:      lemuel_arrival_cross, layout_basic, serial_shops, shop_statue,
          ebering_ecumenical_altar_abandoned, minmay_door_square
D:2:      layout_loops_corners, uniq_jessica, uniq_sigmund
D:3:      layout_loops_ring
D:4:      layout_loops_cross, mainiacjoe_overflow_alcove_3,
          minmay_temple_entry_sparse_star, serial_shops, shop, uniq_robin,
          uniq_crazy_yiuf_cottage, uniq_grinder
D:5:      layout_rooms, elyvilon_altar_3, gammafunk_ghost_necromancy,
          minmay_shop_grid_forest, st_stairs_9, chequers_arboretum,
          nrook_campfire, uniq_blork_the_orc
D:6:      layout_basic, st_stairs_7, dk_vineyard_3, grunt_decor_junction,
          uniq_prince_ribbit1, uniq_eustachio
D:7:      layout_loops_cross, kennysheep_vampire_church, gammafunk_ghost_arena,
          uniq_duvessa, uniq_pikel, uniq_menkaure
Temple:   compressed_dpeg_circular_temple

Skill      XL: |  1  2  3  4  5  6  7  8 |
---------------+-------------------------+-----
Stealth        | 3 4 5 6 8 |  8.0
Dodging        | 3 4 5 6 |  6.0
Spellcasting   | 4 5 |  5.0
Conjurations   | 5 6 |  6.0
Hexes          | 1 2 3 4 6 |  6.0
Translocations | 2 4 |  4.3
Evocations     | 1 4 |  4.2

Action                   |  1- 3 |  4- 6 |  7- 9 || total
-------------------------+-------+-------+-------++-------
Melee: Dagger            |     2 |     8 |     1 ||    11
       Quarterstaff      |       |       |    42 ||    42
 Cast: Magic Dart        |    68 |   122 |   240 ||   430
       Dazzling Flash    |       |     4 |    10 ||    14
 Stab: Invisible         |       |     2 |     1 ||     3
       Sleeping          |       |       |     2 ||     2
Armor: Robe              |       |     9 |       ||     9
       Animal skin       |       |       |    31 ||    31
Dodge: Dodged            |     5 |    27 |   101 ||   133
